 Dungeon Crawl Stone Soup version 0.24-a0-254-gf493760 (webtiles) character file.

Game seed: 10718525255285042487

12 Lanoc the Ruffian (level 2, 0/23 HPs)
             Began as a Draconian Transmuter on Apr 18, 2019.
             Succumbed to an adder's poison
             ... on level 2 of the Dungeon.
             The game lasted 00:00:38 (113 turns).

Lanoc the Ruffian (Draconian Transmuter)             Turns: 113, Time: 00:00:39

Health: 0/23       AC:  4    Str: 12    XL:     2   Next: 20%
Magic:  5/5        EV: 12    Int: 13    God:
Gold:   16         SH:  0    Dex: 11    Spells: 4/5 levels left

rFire    . . .     SeeInvis .     - Unarmed
rCold    . . .     Gourm    .   (no shield)
rNeg     . . .     Faith    .   (armour unavailable)
rPois    .         Spirit   .   (helmet restricted)
rElec    .         Reflect  .   (no cloak)
rCorr    .         Harm     .   (no gloves)
MR       .....                  (no boots)
Stlth    +.........             (no amulet)
HPRegen  0.07/turn              (no ring)
MPRegen  0.09/turn              (no ring)

@: lethally poisoned (0 -> -1)
A: unfitting armour, cold-blooded, AC +4
a: no special abilities


You were on level 2 of the Dungeon.
You were not hungry.

You visited 1 branch of the dungeon, and saw 2 of its levels.

You collected 16 gold pieces.

Inventory:

Missiles
 a - 12 arrows
Scrolls
 b - a scroll of magic mapping {unknown}
 d - 2 scrolls of enchant armour
Comestibles
 c - a ration


   Skills:
 + Level 1.3 Fighting
 + Level 1.9 Dodging
 * Level 3.2 Unarmed Combat
 + Level 2.1 Spellcasting
 * Level 2.2 Transmutations


You had 4 spell levels left.
You knew the following spells:

 Your Spells              Type           Power        Failure   Level  Hunger
a - Beastly Appendage     Tmut           #.....       10%         1    ##.....

Your spell library contained the following spells:

 Spells                   Type           Power        Failure   Level  Hunger
 Sticks to Snakes         Tmut           #.......     16%         2    ###....
 Spider Form              Tmut/Pois      #.........   43%         3    ####...
 Ice Form                 Ice/Tmut       #.......     83%         4    #####..
 Blade Hands              Tmut           #.........   95%         5    ######.


Dungeon Overview and Level Annotations

Branches:
Dungeon (2/15)

Altars:


Innate Abilities, Weirdness & Mutations

Your plain brown scales are hard. (AC +4)
You cannot fit into any form of body armour.
You are cold-blooded and may be slowed by cold attacks.


Message History

The adder barely misses you.
You hit the adder.
Your tail-slap misses the adder.
The adder is almost dead.
The adder closely misses you.
You hit the adder.
You kill the adder!
You have reached level 2!
* * * LOW HITPOINT WARNING * * *
You feel sick.
You see here 3 scrolls labeled LAMA YGI YZEQO.
As you read the scroll labeled LAMA YGI YZEQO, it crumbles to dust.
It is a scroll of enchant armour.
You aren't carrying any armour which can be enchanted further.
d - 2 scrolls of enchant armour Your horns disappear.
* * * LOW HITPOINT WARNING * * *
You feel sick.
You see here 8 gold pieces.
You now have 16 gold pieces (gained 8).
You die...

#........#
#........#
#........+
........#
####....# ...
########..# ..#
+.......#.# #..#
#######.#)###..###
#@#..#.....
#.##.#...#
#.##.#...# #######
#.##.....# #......
#.###..(.# #......
#.# #....# #......
#.####...# ###....
#.......## #....
#.)....>######....


There were no monsters in sight!

Vanquished Creatures
  An adder (D:2)
  A hobgoblin (D:1)
  A kobold (D:2)
  A frilled lizard (D:2)
4 creatures vanquished.

Notes
Turn   | Place    | Note
-------+----------+-------------------------------------------
     0 | D:1      | Lanoc the Draconian Transmuter began the quest for the Orb.
     0 | D:1      | Reached XP level 1. HP: 16/16 MP: 3/3
   105 | D:2      | Reached XP level 2. HP: 3/23 MP: 5/5
   109 | D:2      | HP: 1/23 [poisoned by an adder]
   113 | D:2      | Succumbed to an adder's poison

Levels and vault maps discovered:
D:1:      erik_arrival_blinker_ship, layout_basic
D:2:      layout_basic, first_ration, uniq_jessica

Action                   || total
-------------------------++-------
Melee: Unarmed           ||    33
       Tailslap          ||     1
 Cast: Beastly Appendage ||     1
  Use: Scroll            ||     1
Armor: Skin              ||     6
Dodge: Dodged            ||    15

Table legend:
 A = Non-vault XP
 B = Vault XP
 C = Vault XP percentage of total XP
 D = Non-vault monster count
 E = Vault monster count
 F = Vault count percentage of total count
                 A         B        C        D         E       F
            +---------+---------+-------+---------+---------+-------
      Total |      18 |       0 |   0.0 |       4 |       0 |   0.0
            +---------+---------+-------+---------+---------+-------
        D:1 |       2 |       0 |   0.0 |       1 |       0 |   0.0
        D:2 |      16 |       0 |   0.0 |       3 |       0 |   0.0
            +---------+---------+-------+---------+---------+-------
